 Dungeon Crawl Stone Soup version 0.31-a0-202-g547052bce9 (webtiles) character file.

Game seed: 4938173148297392979

37539 Pooter the Cleaver (level 13, -8/118 HPs)
             Began as a Minotaur Fighter on June 26, 2023.
             Was a High Priest of Makhleb.
             Mangled by an elephant (11 damage)
             ... on level 4 of the Lair of Beasts on June 27, 2023.
             The game lasted 01:13:35 (15315 turns).

Pooter the Cleaver (Minotaur Fighter)              Turns: 15315, Time: 01:13:35

Health: -8/118     AC: 27    Str: 32    XL:     13   Next: 59%
Magic:  18/18      EV:  8    Int:  5    God:    Makhleb [*****.]
Gold:   296        SH: 10    Dex: 12    Spells: 12/12 levels left

rFire   + . .        y - +1 flail (heavy)
rCold   + + +        c - +0 buckler
rNeg    + . .        G - +9 plate armour "Nummif" {Rampage SInv}
rPois   +            n - +1 hat
rElec   .            O - +2 cloak of Burnt Tender Moments {rC+++ Int-4 Dex-4}
rCorr   +            U - +1 pair of gloves
SInv    +            (no boots)
Will    .....        L - amulet "Fetecvon" {Reflect rF+ rN+ Str+6 SH+5 Stlth-} Stlth
                     A - ring of Noon {rPois Int+4 Dex+6}
HPRegen 0.39/turn    C - ring of resist corrosion
MPRegen 0.16/turn

%: reflection, rampage
@: studying Maces & Flails
A: horns 2, retaliatory headbutt
a: Renounce Religion, Minor Destruction, Lesser Servant of Makhleb, Major
Destruction, Greater Servant of Makhleb


You were on level 4 of the Lair of Beasts.
You worshipped Makhleb.
Makhleb was extremely pleased with you.
You visited 2 branches of the dungeon, and saw 15 of its levels.

You collected 1008 gold pieces.
You spent 712 gold pieces at shops.

Inventory:

Hand Weapons
 a - the +3 trident of Ad Valorem {speed, Will+ SInv}
   (You found it on level 3 of the Dungeon)

   SInv:      It lets you see invisible.
   Will:      It increases your willpower.
 b - a +0 sling
   (You took it off a goblin on level 2 of the Dungeon)
 e - a +2 double sword of holy wrath
   (You found it on level 1 of the Dungeon)
 r - a +0 war axe of protection
 x - a +0 morningstar
   (You took it off an orc on level 4 of the Dungeon)
 y - a +1 heavy flail (weapon)
   (You took it off Edmund on level 4 of the Dungeon)
 S - a +1 heavy spear
   (You found it on level 1 of the Dungeon)
Missiles
 g - a curare-tipped dart
 h - 25 poisoned darts
 i - a throwing net {!f}
 w - 11 boomerangs (quivered)
 z - 3 javelins
 Q - 129 stones
Armour
 c - a +0 buckler (worn)
 n - a +1 hat (worn)
   (You took it off Gastronok on level 3 of the Lair of Beasts)
 G - the +9 plate armour "Nummif" (worn) {Rampage SInv}
   (You acquired it on level 8 of the Dungeon)

   SInv:      It lets you see invisible.
   Rampage:   It bestows one free step when moving towards enemies.
 O - the +2 cloak of Burnt Tender Moments (worn) {rC+++ Int-4 Dex-4}
   (You found it on level 7 of the Dungeon)

   Int:       It affects your intelligence (-4).
   Dex:       It affects your dexterity (-4).
   rC:        It renders you almost immune to cold.
 U - a +1 pair of gloves (worn)
   (You found it on level 3 of the Lair of Beasts)
Jewellery
 s - a ring of protection from fire
   (You found it on level 1 of the Lair of Beasts)
 A - the ring of Noon (left hand) {rPois Int+4 Dex+6}
   (You acquired it on level 6 of the Dungeon)

   [ring of dexterity]

   Int:       It affects your intelligence (+4).
   Dex:       It affects your dexterity (+6).
   rPois:     It protects you from poison.
 C - a ring of resist corrosion (right hand)
   (You found it on level 3 of the Dungeon)
 F - the ring of Narhan {rF+ Will+}
   (You found it on level 4 of the Lair of Beasts)

   [ring of protection from fire]

   rF:        It protects you from fire.
   Will:      It increases your willpower.
 I - a ring of protection from cold
   (You found it on level 2 of the Dungeon)
 L - the amulet "Fetecvon" (around neck) {Reflect rF+ rN+ Str+6 SH+5 Stlth-}
   (You bought it in a shop on level 4 of the Dungeon)

   [amulet of reflection]

   It reflects blocked missile attacks.
   Str:       It affects your strength (+6).
   rF:        It protects you from fire.
   rN:        It protects you from negative energy.
   SH:        It affects your SH (+5).
   Stlth:     It makes you less stealthy.
 V - the ring "Venkeyn" {rPois Str+2 Int+5 Dex-2}
   (You found it on level 3 of the Lair of Beasts)

   [ring of poison resistance]

   Str:       It affects your strength (+2).
   Int:       It affects your intelligence (+5).
   Dex:       It affects your dexterity (-2).
   rPois:     It protects you from poison.
Wands
 d - a wand of iceblast (6)
   (You found it on level 7 of the Dungeon)
 f - a wand of flame (19)
   (You found it on level 2 of the Lair of Beasts)
 m - a wand of polymorph (17)
   (You took it off Maurice on level 8 of the Dungeon)
 u - a wand of paralysis (2)
   (You found it on level 3 of the Lair of Beasts)
 B - a wand of mindburst (8)
   (You found it on level 7 of the Dungeon)
 K - a wand of quicksilver (7)
   (You found it on level 1 of the Lair of Beasts)
Scrolls
 o - a scroll of torment {!r}
 q - a scroll of blinking
 t - 5 scrolls of teleportation {@r4}
 D - a scroll of noise {!r}
 E - 3 scrolls of revelation
 N - 2 scrolls of vulnerability {!r}
 W - a scroll of enchant weapon {unknown}
Potions
 j - 6 potions of lignification {!q}
 k - a potion of degeneration {unknown}
 p - a potion of curing {@q1}
 v - 2 potions of attraction {!q}
 H - a potion of mutation {unknown}
 J - a potion of berserk rage {unknown}
 M - 2 potions of invisibility
 P - a potion of heal wounds {@q2}
 R - a potion of resistance
 X - a potion of might
Miscellaneous
 T - a condenser vane (inert)
   (You found it on level 2 of the Lair of Beasts)


   Skills:
 + Level 12.1 Fighting
 - Level 7.5 Long Blades
 - Level 13.9(16.8) Axes
 + Level 11.2(14.1) Maces & Flails
 - Level 11.0(14.0) Polearms
 - Level 9.4 Ranged Weapons
 + Level 4.0 Armour
 + Level 1.2 Dodging
 + Level 1.0 Stealth
 + Level 4.0 Shields
 * Level 8.0 Invocations
 + Level 4.2 Evocations


You had 12 spell levels left.
You didn't know any spells.
Your spell library contained the following spells:

 Spells                   Type           Power      Damage    Failure   Level
 Kiss of Death            Conj/Necr      0%         2d5       99%         1
 Cigotuvi's Dreadful Rot  Necr/Pois/Air  0%         N/A       100%        2
 Static Discharge         Conj/Air       0%         2-2/arc   100%        2
 Confusing Touch          Hex            0%         N/A       100%        3
 Ignite Poison            Fire/Tmut/Pois 0%         N/A       100%        3
 Vhi's Electric Charge    Tloc/Air       0%         N/A       100%        3
 Volatile Blastmotes      Fire/Tloc      0%         2d10      100%        3
 Airstrike                Air            0%         2d(0-16)  100%        4
 Dispel Undead            Necr           0%         3d6       100%        4
 Fulminant Prism          Conj/Hex       0%         3d5       100%        4
 Iskenderun's Mystic Bla  Conj/Tloc      0%         2d3       100%        4
 Summon Lightning Spire   Summ/Air       0%         N/A       100%        4
 Arcjolt                  Conj/Air       0%         1d10      100%        5
 Freezing Cloud           Conj/Ice/Air   0%         6-21      100%        5
 Lee's Rapid Deconstruct  Erth           0%         3d4*      100%        5
 Summon Forest            Summ/Tloc      0%         N/A       100%        5
 Eringya's Noxious Bog    Tmut/Pois      0%         N/A       100%        6
 Plasma Beam              Fire/Air       0%         2x1d10    100%        6
 Summon Hydra             Summ           0%         N/A       100%        7


Dungeon Overview and Level Annotations

Branches:
Dungeon (10/15)            Temple (0/1) D:7            Lair (5/5) D:8
 Shoals (0/4) Lair:2        Snake (0/4) Lair:2          Orc (0/2) D:10
  Slime: Lair:4-5

Altars:
Cheibriados
Dithmenos
Fedhas
Makhleb
Nemelex Xobeh
Uskayaw
Vehumet
Wu Jian
Yredelemnul

Shops:
D:4 =

Portals:
Trove: D:10 (give +4 ice dragon scales)


Innate Abilities, Weirdness & Mutations

You have a pair of horns on your head.
You reflexively headbutt those who attack you in melee.


Message History

The death yak barely misses you. The death yak gores you!
The skyshark bites you but does no damage.
The skyshark tail-slaps you but does no damage.
You block the skyshark's attack.
You climb upwards.
There is a stone staircase leading down, spattered with blood here.
You sock the skyshark! You block the death yak's attack.
You block the elephant's attack.
The elephant trunk-slaps you but does no damage.
The death yak gores you!! You block the skyshark's attack.
The skyshark tail-slaps you but does no damage. x2
You closely miss the skyshark. You block the death yak's attack.
The elephant barely misses you.
The elephant trunk-slaps you but does no damage.
The death yak gores you! The skyshark bites you.
The skyshark tastes blood and grows stronger!
The skyshark tail-slaps you.
The skyshark tail-slaps you but does no damage.
You block the elephant's attack. The elephant barely misses you.
The death yak gores you but does no damage. x2
You sock the skyshark!
The skyshark bites you but does no damage.
The skyshark tail-slaps you!
* * * LOW HITPOINT WARNING * * *
The skyshark barely misses you. The elephant tramples you.
* * * LOW HITPOINT WARNING * * *
You stumble backwards!
The death yak gores you!
* * * LOW HITPOINT WARNING * * *
You bludgeon the skyshark!! The skyshark bites you!
* * * LOW HITPOINT WARNING * * *
The skyshark enters a blood-rage!
The skyshark barely misses you. You block the skyshark's attack.
The elephant tramples you but does no damage.
The elephant trunk-slaps you but does no damage.
You closely miss the skyshark. The skyshark barely misses you. x2
The skyshark closely misses you. The elephant closely misses you.
You furiously retaliate!
You headbutt the elephant! The elephant closely misses you.
The death yak gores you.
* * * LOW HITPOINT WARNING * * *
The death yak gores you but does no damage.
You block the skyshark's attack. The skyshark barely misses you.
The skyshark tail-slaps you.
* * * LOW HITPOINT WARNING * * *
You closely miss the skyshark. You headbutt the skyshark!
The skyshark bites you but does no damage.
The skyshark tail-slaps you but does no damage.
The skyshark tail-slaps you!
* * * LOW HITPOINT WARNING * * *
The elephant tramples you!
You die...

#...##...............^..†.†...##.
#..........<........##........#..
..........##)......#.............
.........###=....................
..........#......................
.........#.......................
..##.....................#..)....
..####..........†l......#........
..##..........P.@Y....[..........
..##.........#..YY†..............
..#.#...[....#...................
............##...................
............#....................
....÷......###....#..............
##.........###.....#........[....
##..........##....##.............
#P...............................


You could see 2 death yaks, a skyshark (berserk) and an elephant.

Vanquished Creatures
  Gastronok (Lair:3)
  Josephine (Lair:4)
  2 hydras
  2 catoblepae (Lair:1)
  A boulder beetle (Lair:3)
  9 death yaks
  A skyshark (Lair:3)
  A lindwurm (Lair:3)
  Maurice (D:8)
  6 black mambas
  7 elephants
  A gargoyle (D:10)
  11 cane toads
  Maggie (D:9)
  A rime drake (Lair:3)
  5 komodo dragons
  A hornet (D:5)
  16 blink frogs
  A snapping turtle (Lair:2)
  22 yaks
  6 wyverns
  6 wraiths
  3 basilisks
  2 fire bats (D:7)
  A steam dragon (D:6)
  2 fire elementals (D:7)
  3 nagas (Lair:2)
  Edmund (D:4)
  A hell hound (D:7)
  9 water moccasins
  2 acid dragons
  Pargi (D:4)
  2 orc warriors
  6 black bears
  2 ice beasts (D:8)
  14 wolves
  4 centaurs
  3 ogres
  A kobold brigand (D:7)
  2 phantoms
  15 bullfrogs
  3 scorpions
  4 wights (D:9)
  7 killer bees (D:9)
  4 howler monkeys
  2 electric eels
  6 hounds
  A wyvern simulacrum (D:8)
  5 jellies
  2 gnoll boudas
  3 orc priests
  3 sleepcaps
  2 iguanas (D:6)
  7 orc wizards
  A centaur simulacrum (D:8)
  A killer bee simulacrum (D:8)
  Robin (D:2)
  2 adders
  7 gnolls
  2 shadow imps
  2 white imps
  4 ufetubi
  A worm (D:5)
  A dart slug (D:1)
  29 orcs
  2 ball pythons
  7 endoplasms
  3 giant cockroaches
  9 goblins
  12 hobgoblins
  3 quokkas
  9 bats
  13 kobolds
  8 rats
343 creatures vanquished.

Notes
Turn   | Place    | Note
-------+----------+-------------------------------------------
     0 | D:1      | Pooter the Minotaur Fighter began the quest for the Orb.
     0 | D:1      | Reached XP level 1. HP: 19/19 MP: 0/0
   174 | D:1      | Reached XP level 2. HP: 22/27 MP: 1/1
   203 | D:1      | Reached skill level 3 in Axes
   430 | D:1      | Reached skill level 1 in Ranged Weapons
   865 | D:1      | Reached skill level 1 in Long Blades
  1019 | D:2      | Reached XP level 3. HP: 33/33 MP: 2/2
  1149 | D:2      | Found a faded altar of an unknown god.
  1243 | D:2      | Noticed Robin
  1250 | D:2      | Killed Robin
  1874 | D:3      | Identified the +3 trident of Ad Valorem {speed, Will+ SInv}
  1880 | D:3      | Reached XP level 4. HP: 40/40 MP: 3/3
  2374 | D:4      | Found Fudoz's Jewellery Emporium.
  2399 | D:4      | Noticed Pargi
  2407 | D:4      | Killed Pargi
  2408 | D:4      | Reached skill level 4 in Axes
  2408 | D:4      | Reached skill level 1 in Polearms
  2408 | D:4      | Reached XP level 5. HP: 47/47 MP: 4/4
  2588 | D:4      | You fall into a shaft and drop 1 floor!
  2588 | D:5      | Entered Level 5 of the Dungeon
  2629 | D:5      | Found a radiant altar of Vehumet.
  2632 | D:5      | Reached XP level 6. HP: 53/53 MP: 5/5
  2651 | D:5      | Noticed an acid dragon
  2665 | D:5      | Killed an acid dragon
  2666 | D:5      | Reached skill level 5 in Axes
  2670 | D:5      | Reached skill level 5 in Fighting
  2907 | D:5      | Found a snail-covered altar of Cheibriados.
  3228 | D:4      | Reached XP level 7. HP: 61/61 MP: 6/6
  3273 | D:4      | Noticed Edmund
  3285 | D:4      | Killed Edmund
  3371 | D:5      | Noticed a hornet
  3375 | D:5      | Paralysed by a hornet for 2 turns
  3378 | D:5      | Killed a hornet
  3379 | D:5      | Reached skill level 6 in Axes
  3666 | D:5      | Found a burning altar of Makhleb.
  3676 | D:5      | Reached skill level 5 in Ranged Weapons
  3676 | D:5      | Reached XP level 8. HP: 58/70 MP: 7/7
  3682 | D:5      | Became a worshipper of Makhleb the Destroyer
  4160 | D:6      | Reached skill level 7 in Axes
  4224 | D:6      | Identified a scroll of acquirement
  4225 | D:6      | Acquired the ring of Noon {rPois Int+4 Dex+6}
  4459 | D:6      | Reached skill level 5 in Long Blades
  5231 | D:7      | Found a transporter.
  5287 | D:7      | Reached skill level 8 in Axes
  5287 | D:7      | Reached XP level 9. HP: 75/78 MP: 8/8
  5392 | D:7      | Found a transporter.
  5419 | D:7      | Found a sparkling altar of Nemelex Xobeh.
  5502 | D:7      | Reached skill level 5 in Polearms
  5610 | D:7      | Reached * piety under Makhleb
  5645 | D:7      | Found a staircase to the Ecumenical Temple.
  6009 | D:7      | Reached skill level 9 in Axes
  6170 | D:7      | Identified the +2 cloak of Burnt Tender Moments {rC+++
                  | Int-4 Dex-4}
  6384 | D:8      | Found a shadowy altar of Dithmenos.
  6644 | D:8      | Noticed an elephant
  6652 | D:8      | Reached XP level 10. HP: 83/88 MP: 9/9
  6667 | D:8      | Killed an elephant
  6680 | D:8      | Noticed a death yak
  6695 | D:8      | Killed a death yak
  6696 | D:8      | Reached skill level 10 in Axes
  6752 | D:8      | Found a staircase to the Lair.
  6803 | D:8      | Reached ** piety under Makhleb
  6917 | D:8      | Noticed a death yak
  6938 | D:8      | Killed a death yak
  7203 | D:8      | Found a basalt altar of Yredelemnul.
  7281 | D:8      | Noticed Maurice
  7293 | D:8      | Killed Maurice
  7381 | D:8      | Found a hide-covered altar of Uskayaw.
  7437 | D:8      | Found an ornate altar of the Wu Jian Council.
  7564 | D:8      | Acquired the +9 plate armour "Nummif" {Rampage SInv}
  7790 | D:9      | an orc warrior changed into a black mamba
  7790 | D:9      | Noticed a black mamba
  7797 | D:9      | Killed a black mamba
  7798 | D:9      | Reached skill level 11 in Axes
  7798 | D:9      | Reached skill level 1 in Maces & Flails
  8071 | D:9      | Noticed Maggie
  8084 | D:9      | Killed Maggie
  8085 | D:9      | Reached XP level 11. HP: 80/95 MP: 10/10
  8171 | D:9      | Found a blossoming altar of Fedhas.
  8321 | D:9      | Reached *** piety under Makhleb
  8463 | D:10     | Entered Level 10 of the Dungeon
  8858 | D:10     | Found a staircase to the Orcish Mines.
  9191 | D:10     | Found a portal to a secret trove of treasure.
  9343 | Lair:1   | Entered Level 1 of the Lair of Beasts
  9480 | Lair:1   | Reached skill level 12 in Axes
  9688 | Lair:1   | Reached skill level 5 in Maces & Flails
  9890 | D:4      | Bought the amulet "Fetecvon" {Reflect rF+ rN+ Str+6 SH+5
                  | Stlth-} for 712 gold pieces
 10226 | Lair:1   | Noticed a catoblepas
 10240 | Lair:1   | Killed a catoblepas
 10545 | Lair:1   | Noticed a catoblepas
 10548 | Lair:1   | Reached skill level 10 in Fighting
 10554 | Lair:1   | Killed a catoblepas
 10555 | Lair:1   | Reached skill level 13 in Axes
 10962 | Lair:2   | Reached skill level 1 in Invocations
 10975 | Lair:2   | Reached XP level 12. HP: 40/106 MP: 10/12
 11274 | Lair:2   | Reached **** piety under Makhleb
 11321 | Lair:2   | Found a staircase to the Snake Pit.
 11967 | Lair:2   | Found a staircase to the Shoals.
 12201 | Lair:3   | Reached skill level 1 in Evocations
 12506 | Lair:3   | Reached skill level 5 in Invocations
 12647 | Lair:3   | Reached skill level 10 in Polearms
 12826 | Lair:3   | Noticed Gastronok
 12842 | Lair:3   | Killed Gastronok
 12843 | Lair:3   | Reached skill level 10 in Maces & Flails
 13103 | Lair:3   | Identified the ring "Venkeyn" {rPois Str+2 Int+5 Dex-2}
 13308 | Lair:4   | Noticed Josephine
 13397 | Lair:3   | Reached XP level 13. HP: 116/116 MP: 16/16
 13427 | Lair:4   | Killed Josephine
 13557 | Lair:3   | Reached ***** piety under Makhleb
 13924 | Lair:4   | Identified the ring of Narhan {rF+ Will+}
 14883 | Lair:4   | Reached skill level 1 in Dodging
 15297 | Lair:5   | Entered Level 5 of the Lair of Beasts
 15306 | Lair:4   | Reached skill level 1 in Stealth
 15315 | Lair:4   | HP: 3/118 [skyshark (8)]
 15315 | Lair:4   | Mangled by an elephant

Illustrated notes

Levels and vault maps discovered:
D:1:      saegor_arrival_fortress, layout_basic
D:2:      layout_basic, shapermc_ecumenical_altar_mp_highgroup,
          minmay_misc_feat_secret_circle, serial_bayou_pond_e,
          corexii_leaking_fountain, uniq_robin
D:3:      layout_rooms
D:4:      layout_loops_ring, serial_shops, nicolae_shop_tiny_statue_garden,
          uniq_edmund, uniq_pargi
D:5:      layout_loops_ring, cheibriados_altar_1, vehumet_crystals,
          mainiacjoe_overflow_small_starburst, serial_bayou,
          serial_bayou_pond_e, serial_bayou_pond_a, serial_bayou_crossing,
          serial_bayou_pond_d
D:6:      layout_rooms, minmay_hedge_maze, nicolae_figureground_pulse
D:7:      gammafunk_cloud_chamber, layout_cave_pools, nemelex_dance_club_becter,
          lemuel_temple_firewalk_b, dk_noncrumbling_4
D:8:      layout_rooms, overflow_temple_1_default,
          nicolae_wu_jian_immortal_techniques, mainiacjoe_overflow_boulevard,
          lemuel_crystal_altar, david_lair_generic, serial_ice, serial_ice_a,
          serial_ice_d, serial_ice_l, serial_ice_n, minmay_microvault,
          uniq_maurice
D:9:      layout_long_grid, fedhas_bush_and_centaur_altar, uniq_maggie
D:10:     layout_basic, orc_0_dummy, enter_trove_1
Lair:1:   layout_cave_shapes, lemuel_fruit_fields
Lair:2:   layout_chaotic_city, minmay_shoals_entry_hut,
          nicolae_snake_entry_squirm
Lair:3:   layout_gridlike, uniq_gastronok
Lair:4:   layout_cave_shapes, uniq_josephine
Lair:5:   minmay_lair_end_frog_pond, layout_long_grid, slime_entry_2,
          lemuel_fruit_fields, grunt_megastairs_5

Skill      XL: |  1  2  3  4  5  6  7  8  9 10 11 12 13 |
---------------+----------------------------------------+-----
Axes           | 3 4 5 6 8 9 11 13 | 13.9
Ranged Weapons | 1 2 3 5 6 8 9 |  9.4
Long Blades    | 1 2 3 4 5 6 7 |  7.5
Fighting       | 4 5 6 7 8 10 11 12 | 12.1
Polearms       | 1 2 3 4 6 7 9 10 11 | 11.0
Maces & Flails | 2 7 10 11 | 11.2
Invocations    | 1 6 8 |  8.0
Evocations     | 2 4 |  4.2
Dodging        | 1 |  1.2
Shields        | 4 |  4.0
Armour         | 4 |  4.0
Stealth        | 1 |  1.0

Action                     |  1- 3 |  4- 6 |  7- 9 | 10-12 | 13-15 || total
---------------------------+-------+-------+-------+-------+-------++-------
  Melee: War axe           |    60 |       |     5 |   102 |       ||   167
         Headbutt          |     9 |    11 |    48 |   122 |    46 ||   236
         Trident           |     3 |    91 |   258 |   313 |    36 ||   701
         Flail             |       |       |       |   187 |   115 ||   302
   Fire: Sling             |    21 |    11 |     3 |     2 |       ||    37
  Throw: Dart              |       |     7 |     4 |     2 |       ||    13
         Javelin           |       |       |     3 |     3 |       ||     6
         Boomerang         |       |       |    10 |    23 |     2 ||    35
 Invoke: Lesser Servant of |       |       |       |     1 |       ||     1
  Evoke: Wand              |       |       |       |     8 |     4 ||    12
         Condenser vane    |       |       |       |       |     1 ||     1
    Use: Scroll            |     4 |     4 |    10 |     6 |     1 ||    25
         Potion            |       |       |     3 |     2 |     4 ||     9
   Stab: Invisible         |       |       |     1 |     2 |       ||     3
         Paralysed         |       |       |       |       |     1 ||     1
 Armour: Scale mail        |    16 |       |       |       |       ||    16
         Chain mail        |    28 |     7 |       |       |       ||    35
         Plate armour      |       |    19 |    81 |   388 |   150 ||   638
  Dodge: Dodged            |    34 |    20 |    62 |   149 |    75 ||   340
  Block: Buckler           |    16 |     4 |    30 |   185 |   104 ||   339

Table legend: (Time is in decaauts)
 A = Elapsed time spent in this place.
 B = Non-inter-level travel time spent in this place.
 C = Inter-level travel time spent in this place.
 D = Time resting spent in this place.
 E = Time spent auto-exploring this place.
 F = Levels seen in this place.
 G = Mean time per level.
                   A        B        C        D        E       F      G
               +--------+--------+--------+--------+--------+-----+--------+
         Total |  15170 |  14410 |    760 |   3022 |   8770 |  15 | 1011.3 |
       Dungeon |   9489 |   8903 |    586 |   1623 |   5635 |  10 |  948.9 |
          Lair |   5680 |   5506 |    174 |   1399 |   3134 |   5 | 1136.0 |
               +--------+--------+--------+--------+--------+-----+--------+

Top non-repeatable levels by time:
  Lair:3: 2264 daAuts
     D:8: 1422 daAuts
  Lair:1: 1278 daAuts
  Lair:2: 1273 daAuts
     D:5: 1153 daAuts
     D:6: 1138 daAuts
     D:7: 1095 daAuts
     D:1: 1024 daAuts
     D:2: 859 daAuts
  Lair:4: 858 daAuts
    D:10: 805 daAuts
     D:9: 792 daAuts
     D:4: 690 daAuts
     D:3: 509 daAuts
  Lair:5: 6 daAuts
